 Dungeon Crawl Stone Soup version 0.19.0-2-gae57169 (webtiles) character file.

251107 motku515 the Hoplite (level 18, -4/166 HPs)
             Began as a Minotaur Gladiator on Nov 5, 2016.
             Was the Champion of Makhleb.
             Killed themself with a badly aimed orb of electricity (27 damage)
             ... on level 2 of the Depths on Nov 6, 2016.
             The game lasted 01:50:44 (33550 turns).

motku515 the Hoplite (Minotaur Gladiator)          Turns: 33550, Time: 01:50:46

Health: -4/166     AC: 25    Str: 26    XL:     18   Next: 93%
Magic:  25/25      EV: 13    Int:  8    God:    Makhleb [******]
Gold:   1851       SH: 29    Dex: 13    Spells: 0 memorised, 17 levels left

rFire  + . .     SeeInvis .     D - +4 whip "Peff" {elec, Int+3}
rCold  + . .     Gourm    .     y - +0 plate armour {rC+}
rNeg   . . .     Faith    .     r - +0 large shield
rPois  .         Spirit   .     c - +0 hat
rElec  .         Reflect  +     G - +2 cloak
rCorr  .         Harm     .     a - +2 pair of gloves
MR     ++...                    b - +0 pair of boots "Cexuasuweh" {MR+ Regen+}
Stlth  ..........               Z - +5 amulet of reflection
                                Y - ring of stealth
                                S - ring of protection from fire

@: very slightly contaminated
A: retaliatory headbutt, horns 2
a: Minor Destruction, Lesser Servant of Makhleb, Major Destruction, Greater
Servant of Makhleb, Renounce Religion
}: 2/15 runes: decaying, serpentine


You were on level 2 of the Depths.
You worshipped Makhleb.
Makhleb was exalted by your worship.
You were hungry.

You visited 6 branches of the dungeon, and saw 33 of its levels.
You also visited: Labyrinth.

You collected 3112 gold pieces.
You spent 1261 gold pieces at shops.

Inventory:

Hand Weapons
 g - a +0 demon trident
 D - the +4 whip "Peff" (weapon) {elec, Int+3}
   (You bought it in a shop on level 2 of the Orcish Mines)

   Occasionally, upon striking a foe, it will discharge some electrical energy
   and cause terrible harm.
   It affects your intelligence (+3).
 X - a +3 broad axe
Armour
 a - a +2 pair of gloves (worn)
 b - the +0 pair of boots "Cexuasuweh" (worn) {MR+ Regen+}
   (You bought it in a shop on level 12 of the Dungeon)

   It affects your resistance to hostile enchantments.
   It increases your rate of regeneration.
 c - a +0 hat (worn)
 r - a +0 large shield (worn)
 y - a +0 plate armour of cold resistance (worn)
 E - a +2 plate armour of poison resistance
 G - a +2 cloak (worn)
Jewellery
 i - the amulet "Yhotoec" {+Rage Dex+4, unknown}
   (You found it on level 1 of the Depths)

   [amulet of rage]

   It affects your dexterity (+4).
   It lets you go berserk.
 A - an uncursed amulet of regeneration {unknown}
 C - an uncursed ring of positive energy
 H - an uncursed ring of poison resistance
 J - a +3 ring of protection
 S - a ring of protection from fire (left hand)
 Y - a ring of stealth (right hand)
 Z - a +5 amulet of reflection (around neck)
Wands
 w - a wand of digging (23/24)
 V - a wand of digging (13/24)
Scrolls
 e - a scroll of immolation {unknown}
 k - 5 scrolls of enchant armour
 m - 10 scrolls of remove curse
 n - 5 scrolls of recharging
 o - 3 scrolls of amnesia
 s - 4 scrolls of teleportation
 t - 6 scrolls of enchant weapon
 u - 4 scrolls of identify
 B - 2 scrolls of magic mapping
 P - a scroll of brand weapon
Potions
 d - a potion of heal wounds
 j - 2 potions of ambrosia
 l - 7 potions of curing
 p - a potion of resistance
 q - a potion of beneficial mutation {unknown}
 v - 4 potions of agility
 x - 5 potions of brilliance
 z - 4 potions of haste
 I - 3 potions of flight
 M - a potion of invisibility
 N - 3 potions of cancellation
 O - a potion of berserk rage
 R - a potion of magic {unknown}
Comestibles
 f - 21 bread rations
 h - 12 meat rations
 F - 3 chunks of flesh
 L - 17 royal jellies
 Q - 9 beef jerkies
 W - 11 fruits


   Skills:
 + Level 15.7 Fighting
 - Level 10.3(14.6) Axes
 + Level 16.7(17.6) Maces & Flails
 - Level 2.0 Throwing
 + Level 15.0 Armour
 - Level 12.5 Dodging
 + Level 21.4 Shields
 - Level 11.0 Invocations


You had 17 spell levels left.
You didn't know any spells.

Dungeon Overview and Level Annotations

Branches:
Dungeon (15/15)            Temple (0/1) D:7            Lair (6/6) D:10
  Swamp (4/4) Lair:4        Snake (4/4) Lair:3        Slime (0/5) Lair:5
    Orc (2/2) D:12            Elf (0/3) Orc:2        Vaults (0/5) D:14
 Depths (2/5) D:15

Altars:
Ashenzari
Cheibriados
Dithmenos
Fedhas
Gozag
Makhleb
Nemelex Xobeh
Qazlal
Ru
Sif Muna
Trog
Xom
Zin
The Shining One

Shops:
D:4 *   D:6 %(   D:9 [   D:12 *[   Orc:1 [   Orc:2 (!(*?   Depths:1 }}=

Portals:
Hell: Lair:6 Depths:1

Annotations:
D:2 1 runed door
D:3 exclusion: downstairs
D:12 exclusion: downstairs
D:14 exclusion: Roxanne, Roxanne
D:15 Rupert
Lair:4 exclusion: downstairs
Snake:2 Aizul
Snake:3 exclusion: 2 downstairs


Innate Abilities, Weirdness & Mutations

You reflexively headbutt those who attack you in melee.
You have a pair of horns on your head.


Message History

Okay, then.
Press: ? - help, Shift-Dir - straight line, f - deep troll shaman
Aim: a deep troll shaman (almost dead, fast, unusually strong)
You hear a mighty clap of thunder!
The bolt of lightning misses the deep troll shaman.
You hear a shout!
You hear a horrible gurgling sound!
You hear a shout! x3
Press: ? - help, Shift-Dir - straight line, f/p - deep troll shaman
Aim: a deep troll shaman (severely wounded, fast, unusually strong)
The bolt of fire hits the deep troll shaman.
The deep troll shaman is almost dead.
You hear a grinding noise.
Press: ? - help, Shift-Dir - straight line, f - deep troll, p - deep troll shaman
Aim: a deep troll (fast, unusually strong)
The orb of electricity explodes!
The orb of electricity engulfs the deep troll shaman.
The deep troll shaman is almost dead.
The orb of electricity engulfs the deep troll.
The deep troll is lightly wounded.
The orb of electricity engulfs you!
You die...

......#####.....
####...# #######
##.#...
..#.##.### #.##.
..#....# #. ....
#.####
########.###[#
#............#
##..$.......###
#.......TT..#
#.....@.....#
#./.........#
#...#########
#.. #. #


You could see a deep troll and a deep troll shaman.

Vanquished Creatures
  A juggernaut (D:15)
  A bone dragon (Swamp:4)
  8 nagarajas
  3 frost giants
  Louise (D:14)
  A vampire knight (D:15)
  A minotaur (Lab)
  3 ettins (Depths:1)
  4 fire dragons (Depths:1)
  A merfolk javelineer (Depths:1)
  Josephine (Lair:4)
  A great orb of eyes (D:15)
  16 naga warriors
  4 ice dragons
  A rakshasa (Depths:1)
  4 vault guards (D:14)
  12 hydras
  14 anacondas
  3 ghost crabs (Swamp:4)
  3 centaur warriors
  2 hell beasts
  11 alligators
  2 ogre magi (Depths:1)
  7 death yaks (Lair:4)
  22 naga sharpshooters
  Urug (D:11)
  3 deep troll shamans
  4 deep troll earth magi (Depths:1)
  5 shock serpents
  4 salamander mystics (Snake:4)
  3 skeletal warriors (D:12)
  An iron troll (Depths:1)
  A hell knight (Depths:1)
  An unseen horror (D:12)
  5 deep trolls
  2 wizards
  A spriggan druid (Swamp:3)
  5 lindwurms
  3 naga ritualists (Snake:4)
  2 phantasmal warriors (Swamp:4)
  Pikel (D:5)
  A glowing orange brain (Depths:1)
  3 spectral hydras (Swamp:4)
  4 orc knights
  6 hill giants
  A fire giant zombie (Depths:1)
  2 deep elf magi
  26 ugly things
  A wolf spider (D:15)
  3 cyclopes
  13 mana vipers
  6 salamanders
  An orc sorcerer (Orc:2)
  A manticore (D:15)
  Maurice (D:12)
  23 naga magi
  3 orange demons (Lair:6)
  A rust devil (Depths:1)
  32 black mambas
  4 elephants (Lair:5)
  3 torpor snails (Lair:6)
  8 guardian serpents
  6 centaur skeletons
  4 gargoyles
  3 rime drakes (Lair:6)
  A kobold demonologist (D:14)
  19 spiny frogs
  3 swamp worm zombies (Swamp:4)
  8 komodo dragons
  5 yaktaurs
  2 efreet
  3 ice devils (Lair:6)
  A hellwing (Lair:6)
  2 red devils
  2 hydra zombies (Swamp:4)
  A queen bee (Lair:2)
  A tengu conjurer (Depths:1)
  3 trolls
  7 hornets
  4 alligator zombies (Swamp:4)
  Grinder (D:6)
  7 tyrant leeches
  7 blink frogs
  2 spectral swamp dragons (Swamp:4)
  6 two-headed ogres
  14 slime creatures
  13 bog bodies
  10 hippogriffs
  23 dream sheep
  14 water elementals
  3 wyverns
  2 shadows
  5 spriggans
  6 wraiths
  52 yaks
  Grum (D:11)
  7 basilisks
  19 vampire mosquitoes
  A yaktaur simulacrum (Depths:1)
  3 hungry ghosts
  2 wargs
  39 nagas
  27 insubstantial wisps
  A mottled dragon (D:14)
  21 water moccasins
  19 swamp worms
  Duvessa (D:7)
  7 swamp drakes
  7 porcupines
  43 orc warriors
  3 black bears
  2 hell hounds (Lair:6)
  4 sky beasts
  5 swamp dragon zombies (Swamp:4)
  An ice beast (D:9)
  7 phantoms
  An eye of draining (D:13)
  23 ogres
  11 wolves
  3 boggarts (D:15)
  13 centaurs
  14 crocodiles
  2 big kobolds
  20 bullfrogs
  Dowan (D:7)
  A water moccasin zombie (D:7)
  A water moccasin skeleton (D:7)
  7 scorpions
  8 wights
  32 killer bees
  3 howler monkeys (D:11)
  7 electric eels
  A vampire bat (D:5)
  6 crimson imps
  5 centaur zombies
  A quasit (D:9)
  A bullfrog zombie (D:10)
  8 hounds
  21 orc wizards
  3 bullfrog skeletons (D:7)
  16 orc priests
  5 jellies
  8 iguanas
  8 worker ants
  A spectral swamp drake (Swamp:4)
  2 worker ant zombies
  2 howler monkey skeletons (D:4)
  A howler monkey zombie (D:6)
  4 gnolls (D:6)
  26 adders
  2 swamp drake zombies (Swamp:4)
  2 shadow imps
  2 oozes
  An adder skeleton (D:8)
  An adder zombie (D:5)
  3 worms
  5 dart slugs
  3 fire bats (D:5)
  9 leopard geckos
  85 orcs
  2 spectral bats (D:5)
  3 bat skeletons (D:5)
  A bat zombie (D:5)
  8 giant cockroaches
  4 goblins
  12 hobgoblins
  10 jackals
  2 quokkas (D:5)
  3 ball pythons
  20 bats
  A bat simulacrum (D:5)
  6 frilled lizards
  A jackal skeleton (D:4)
  15 kobolds
  7 rats
  A plant (Depths:1)
1247 creatures vanquished.

Vanquished Creatures (collateral kills)
  Donald (Swamp:3)
  A ghost crab (Swamp:3)
  A shock serpent (Snake:2)
  A spriggan druid (Swamp:3)
  A guardian serpent (Snake:1)
  2 spiny frogs
  A hornet (Swamp:3)
  A spriggan (Swamp:3)
  2 vampire mosquitoes (Swamp:3)
11 creatures vanquished.

Vanquished Creatures (others)
  A merfolk javelineer (Depths:1)
  2 naga sharpshooters
  A salamander mystic (Snake:4)
  2 yaktaurs (Depths:1)
  A shadow (Swamp:2)
  A naga (Snake:4)
  An orc warrior (Orc:2)
  2 orcs (Orc:2)
  10 fungi
  20 plants
41 creatures vanquished.

Grand Total: 1299 creatures vanquished

Notes
Turn   | Place    | Note
-------+----------+-------------------------------------------
     0 | D:1      | motku515 the Minotaur Gladiator began the quest for the Orb.
     0 | D:1      | Reached XP level 1. HP: 18/18 MP: 0/0
   146 | D:1      | Reached XP level 2. HP: 25/25 MP: 1/1
   883 | D:1      | Reached XP level 3. HP: 31/31 MP: 2/2
  1101 | D:2      | Found a shimmering altar of Xom.
  1290 | D:2      | Reached skill level 5 in Maces & Flails
  1573 | D:2      | Found a runed door.
  1626 | D:2      | Reached XP level 4. HP: 38/40 MP: 3/3
  2005 | D:3      | Found a faded altar of an unknown god.
  2325 | D:3      | Found a sacrificial altar of Ru.
  2600 | D:3      | Reached XP level 5. HP: 38/46 MP: 4/4
  2841 | D:4      | Found Emuts's Assorted Antiques.
  2856 | D:4      | Found a sparkling altar of Nemelex Xobeh.
  2876 | D:4      | Reached skill level 1 in Armour
  2876 | D:4      | Reached XP level 6. HP: 33/53 MP: 5/5
  3192 | D:4      | Found a glowing golden altar of the Shining One.
  3192 | D:4      | Found a shadowy altar of Dithmenos.
  3234 | D:4      | Found a deep blue altar of Sif Muna.
  3448 | D:4      | Reached skill level 5 in Fighting
  3504 | D:5      | Entered Level 5 of the Dungeon
  3916 | D:5      | Reached XP level 7. HP: 61/61 MP: 6/6
  4551 | D:5      | Found a burning altar of Makhleb.
  4561 | D:5      | Found a glowing silver altar of Zin.
  4564 | D:5      | Noticed an angel
  4565 | D:5      | Noticed a balrug
  4575 | D:5      | Became a worshipper of Makhleb the Destroyer
  4823 | D:6      | Noticed Pikel
  4836 | D:5      | Killed Pikel
  4836 | D:5      | Reached XP level 8. HP: 55/71 MP: 7/7
  5040 | D:6      | Reached skill level 5 in Armour
  5110 | D:6      | Noticed Grinder
  5110 | D:6      | Paralysed by Grinder for 4 turns
  5140 | D:6      | Reached skill level 10 in Maces & Flails
  5156 | D:6      | Paralysed by Grinder for 2 turns
  5160 | D:6      | Paralysed by Grinder for 2 turns
  5168 | D:6      | Killed Grinder
  5168 | D:6      | Reached skill level 5 in Dodging
  5389 | D:6      | Reached XP level 9. HP: 79/79 MP: 8/8
  5448 | D:6      | Found Picuckeo's Weapon Shoppe.
  5465 | D:6      | Reached * piety under Makhleb
  5640 | D:6      | Found Matwom's Food Boutique.
  6043 | D:7      | Found a staircase to the Ecumenical Temple.
  6109 | D:7      | Found a snail-covered altar of Cheibriados.
  6112 | D:7      | Noticed Duvessa
  6112 | D:7      | Noticed Dowan
  6129 | D:7      | Killed Duvessa
  6129 | D:7      | Reached ** piety under Makhleb
  6147 | D:7      | Killed Dowan
  6772 | D:8      | Reached skill level 1 in Invocations
  6962 | D:8      | Reached XP level 10. HP: 80/91 MP: 10/10
  6976 | D:8      | Found a blossoming altar of Fedhas.
  6988 | D:8      | Found a stormy altar of Qazlal.
  7329 | D:8      | Reached *** piety under Makhleb
  7743 | D:9      | Found Yheghuo's Armour Emporium.
  7747 | D:9      | Bought the +4 ring mail of the Dragon {rN+ MR++} for 436 gold pieces
  7929 | D:9      | Reached skill level 10 in Fighting
  8522 | D:9      | Found a shattered altar of Ashenzari.
  8606 | D:10     | Entered Level 10 of the Dungeon
  8608 | D:10     | Noticed a hill giant
  8617 | D:10     | Killed a hill giant
  8617 | D:10     | Reached **** piety under Makhleb
  8657 | D:10     | Found a staircase to the Lair.
  8675 | Lair:1   | Entered Level 1 of the Lair of Beasts
  8801 | Lair:1   | Noticed a black mamba
  8806 | Lair:1   | Killed a black mamba
  8813 | Lair:1   | Noticed a spiny frog
  8822 | Lair:1   | Killed a spiny frog
  8822 | Lair:1   | Reached XP level 11. HP: 101/101 MP: 12/12
  8912 | Lair:1   | Found a glowing silver altar of Zin.
  9494 | Lair:2   | Got a polished trident
  9495 | Lair:2   | Identified the +1 trident "Tody" {flame, Str+3} (You found it on level 2 of the Lair of Beasts)
  9978 | Lair:2   | Reached skill level 5 in Invocations
 10266 | Lair:3   | Found a staircase to the Snake Pit.
 10292 | Lair:3   | Reached ***** piety under Makhleb
 10852 | Lair:3   | Noticed a six-headed hydra
 10860 | Lair:3   | Killed a six-headed hydra
 10860 | Lair:3   | Reached skill level 10 in Armour
 11035 | Lair:4   | Found a staircase to the Swamp.
 11073 | Lair:4   | Reached XP level 12. HP: 105/112 MP: 15/15
 11233 | Lair:4   | Noticed a death yak
 11235 | Lair:4   | Noticed a death yak
 11235 | Lair:4   | Noticed a death yak
 11262 | Lair:4   | Killed a death yak
 11274 | Lair:4   | Killed a death yak
 11293 | Lair:4   | Killed a death yak
 11496 | Lair:4   | Noticed a death yak
 11521 | Lair:4   | Killed a death yak
 11534 | Lair:4   | Found a labyrinth entrance.
 11546 | Lab      | Entered a labyrinth
 11913 | Lab      | Noticed a minotaur
 11913 | Lab      | Identified the Grimoire of the Creative Birds
 11925 | Lab      | Killed a minotaur
 12326 | Lair:4   | Noticed a death yak
 12327 | Lair:4   | Noticed a death yak
 12328 | Lair:4   | Noticed a death yak
 12341 | Lair:4   | Killed a death yak
 12351 | Lair:4   | Killed a death yak
 12367 | Lair:4   | Killed a death yak
 12406 | Lair:4   | Noticed Josephine
 12420 | Lair:4   | Killed Josephine
 12420 | Lair:4   | Reached XP level 13. HP: 74/119 MP: 17/17
 12700 | Lair:4   | Reached skill level 10 in Dodging
 13535 | Lair:5   | Found a staircase to the Slime Pits.
 13739 | Lair:6   | Entered Level 6 of the Lair of Beasts
 13786 | Lair:5   | Reached skill level 15 in Maces & Flails
 13862 | Lair:6   | Reached ****** piety under Makhleb
 14723 | Lair:6   | Reached XP level 14. HP: 128/130 MP: 19/19
 14732 | Lair:6   | Found a burning altar of Makhleb.
 14900 | Lair:6   | Found a gateway to Hell.
 14908 | Lair:6   | Got a smoking amber ring
 14917 | Lair:6   | Identified the ring of Bagig {Str+2 Dex+2} (You found it on level 6 of the Lair of Beasts)
 16293 | D:11     | Noticed Urug
 16314 | D:11     | Killed Urug
 16458 | D:11     | Noticed Grum
 16466 | D:11     | Killed Grum
 16805 | D:12     | Got a translucent wooden ring
 16815 | D:12     | Identified the ring "Ostrote Uruva" {Fire Int+4} (You found it on level 12 of the Dungeon)
 16842 | D:12     | Found Regig's Assorted Antiques.
 16876 | D:12     | Bought a pair of encrusted boots for 304 gold pieces
 16876 | D:12     | Bought a pair of bloodstained boots for 304 gold pieces
 16881 | D:12     | Identified the cursed +0 pair of boots "Cexuasuweh" {MR+ Regen+} (You bought it in a shop on level 12 of the Dungeon)
 16901 | D:12     | Identified the +0 pair of boots "Apar" {+Blink rC- MR+ MP+9} (You bought it in a shop on level 12 of the Dungeon)
 17013 | D:12     | Found a staircase to the Orcish Mines.
 17016 | D:12     | Found Kaigasamp's Armour Shoppe.
 17060 | D:12     | Noticed Maurice
 17074 | D:12     | Killed Maurice
 17475 | Orc:1    | Entered Level 1 of the Orcish Mines
 17509 | Orc:1    | Found Xofal's Antique Armour Shop.
 17930 | Orc:2    | Entered Level 2 of the Orcish Mines
 17930 | Orc:2    | Found Ceycha's Magic Scroll Shop.
 18114 | Orc:1    | Reached skill level 1 in Axes
 18641 | Orc:2    | Found a staircase to the Elven Halls.
 18661 | Orc:2    | Paralysed by an orc sorcerer for 6 turns
 18671 | Orc:2    | Reached skill level 10 in Invocations
 18913 | Orc:2    | Found Honoskesie's Antique Weapon Boutique.
 18913 | Orc:2    | Found Daewufum's Distillery.
 18915 | Orc:2    | Found Jurimp's Weapon Emporium.
 18940 | Orc:2    | Found Abrog's Assorted Antiques.
 18956 | Orc:2    | Bought a crystal whip for 217 gold pieces
 18956 | Orc:2    | Identified the +4 whip "Peff" {elec, Int+3} (You bought it in a shop on level 2 of the Orcish Mines)
 19543 | D:13     | Reached skill level 5 in Axes
 20137 | D:14     | You fall through a shaft!
 20137 | D:15     | Entered Level 15 of the Dungeon
 20216 | D:15     | Reached XP level 15. HP: 138/139 MP: 21/21
 20561 | D:15     | Noticed Rupert
 20701 | D:14     | Found an opulent altar of Gozag.
 20804 | D:14     | Noticed Roxanne
 21393 | D:14     | Found a gate to the Vaults.
 21557 | D:14     | Reached skill level 15 in Fighting
 21767 | D:14     | Noticed Louise
 21783 | D:14     | Killed Louise
 22005 | Snake:1  | Entered Level 1 of the Snake Pit
 22106 | Snake:1  | Reached skill level 1 in Shields
 22222 | Snake:1  | Reached skill level 2 in Shields
 22430 | Snake:1  | Reached skill level 3 in Shields
 23137 | Snake:2  | You fall through a shaft!
 23173 | Snake:3  | Reached skill level 4 in Shields
 23289 | Snake:3  | Reached skill level 10 in Axes
 23324 | Snake:3  | Reached skill level 5 in Shields
 23575 | Snake:3  | Reached skill level 6 in Shields
 23682 | Snake:3  | Reached skill level 7 in Shields
 23768 | Snake:3  | Reached XP level 16. HP: 123/149 MP: 23/23
 23886 | Snake:3  | Reached skill level 8 in Shields
 24010 | Snake:3  | Reached skill level 9 in Shields
 24338 | Snake:4  | Entered Level 4 of the Snake Pit
 24427 | Snake:4  | Reached skill level 10 in Shields
 24518 | Snake:4  | Reached skill level 11 in Shields
 25047 | Snake:4  | Reached skill level 12 in Shields
 25290 | Snake:4  | Reached skill level 13 in Shields
 25425 | Snake:4  | Reached skill level 14 in Shields
 25860 | Snake:4  | Reached skill level 15 in Shields
 26010 | Snake:4  | Reached XP level 17. HP: 156/156 MP: 24/24
 26297 | Snake:4  | Reached skill level 16 in Shields
 26597 | Snake:4  | Got a serpentine rune of Zot
 26636 | Snake:4  | Reached skill level 17 in Shields
 26916 | Snake:2  | Found a bloodstained altar of Trog.
 27029 | Snake:2  | Noticed Aizul
 27355 | Swamp:1  | Entered Level 1 of the Swamp
 27887 | Swamp:1  | Reached skill level 18 in Shields
 29414 | Swamp:3  | Paralysed by a Zot trap for 3 turns
 29548 | Swamp:3  | Noticed Donald
 29587 | Swamp:3  | Killed Donald
 29587 | Swamp:3  | Reached skill level 19 in Shields
 29841 | Swamp:4  | Entered Level 4 of the Swamp
 30535 | Swamp:4  | Reached XP level 18. HP: 163/163 MP: 25/25
 30928 | Swamp:4  | Reached skill level 20 in Shields
 31014 | Swamp:4  | Got a decaying rune of Zot
 31032 | Swamp:4  | Noticed a bone dragon
 31122 | Swamp:4  | Killed a bone dragon
 31726 | D:15     | Found a staircase to the Depths.
 31921 | Depths:1 | Entered Level 1 of the Depths
 31988 | Depths:1 | Noticed a juggernaut
 32023 | D:15     | Killed a juggernaut
 32153 | D:15     | Reached skill level 21 in Shields
 33201 | Depths:1 | Got a faintly glowing garnet amulet
 33348 | Depths:1 | Found Ruuxzyme's Jewellery Shoppe.
 33348 | Depths:1 | Found Uheu's Gadget Boutique.
 33349 | Depths:1 | Found Saeth's Gadget Boutique.
 33423 | Depths:1 | Reached skill level 15 in Armour
 33550 | Depths:2 | Killed themself with a badly aimed orb of electricity

Skill      XL: |  1  2  3  4  5  6  7  8  9 10 11 12 13 14 15 16 17 18 |
---------------+-------------------------------------------------------+-----
Maces & Flails | 4 5 6 7 9 10 12 13 14 15 16 | 16.7
Fighting       | 3 4 5 6 7 9 10 11 12 13 14 15 | 15.7
Armour         | 1 2 4 5 7 8 10 11 12 13 14 15 | 15.0
Dodging        | 4 5 6 8 9 11 12 | 12.5
Invocations    | 1 3 5 7 9 10 11 | 11.0
Axes           | 6 10 | 10.3
Shields        | 7 15 19 21 | 21.4
Throwing       | |  2.0

Action                   |  1- 3 |  4- 6 |  7- 9 | 10-12 | 13-15 | 16-18 || total
-------------------------+-------+-------+-------+-------+-------+-------++-------
Melee: Flail             |    11 |       |       |       |       |       ||    11
       Headbutt          |    14 |    27 |    63 |   182 |   566 |   832 ||  1684
       Whip              |    66 |   154 |   308 |   801 |  2064 |  2907 ||  6300
       Demon blade       |       |       |       |     3 |       |       ||     3
       War axe           |       |       |       |       |    35 |       ||    35
       Battleaxe         |       |       |       |       |     4 |       ||     4
       Broad axe         |       |       |       |       |       |    20 ||    20
Invok: Lesser Servant of |       |       |       |     2 |       |     1 ||     3
       Greater Servant o |       |       |       |       |     1 |     6 ||     7
       Major Destruction |       |       |       |       |       |     3 ||     3
Evoke: Wand              |       |       |       |     1 |     1 |       ||     2
  Use: Scroll            |     1 |     6 |       |     9 |    11 |    17 ||    44
       Potion            |       |       |       |     2 |     2 |     6 ||    10
 Stab: Held in net/web   |       |       |     1 |       |       |       ||     1
       Distracted        |       |       |       |       |     1 |     1 ||     2
       Confused          |       |       |       |       |       |     1 ||     1
  Eat: Chunk             |     2 |     6 |    10 |    13 |    26 |    21 ||    78
       Beef jerky        |       |     1 |       |       |     1 |     3 ||     5
       Fruit             |       |       |       |     3 |     1 |     4 ||     8
       Pizza             |       |       |       |     1 |     5 |     3 ||     9
       Meat ration       |       |       |       |       |     1 |       ||     1
Armor: Leather armour    |     6 |       |       |       |       |       ||     6
       Ring mail         |    14 |       |       |   164 |    14 |       ||   192
       Scale mail        |     3 |    63 |    70 |    16 |       |       ||   152
       Chain mail        |       |       |       |       |   559 |       ||   559
       Plate armour      |       |       |       |       |    94 |   629 ||   723
Dodge: Dodged            |    47 |   104 |   115 |   321 |   737 |   486 ||  1810
Block: Other             |       |       |       |     4 |    68 |       ||    72
       Reflection        |       |       |       |       |    37 |   100 ||   137
       Shield            |       |       |       |       |   159 |   151 ||   310
       Large shield      |       |       |       |       |    50 |  1692 ||  1742
       Buckler           |       |       |       |       |       |   300 ||   300
       Rpst.: Demon blade |       |       |       |     1 |       |       ||     1
